 Dungeon Crawl Stone Soup version 0.23.2-1-ga50397a6bc (webtiles) character file.

Game seed: 9609954825156691816

78211 MachJacob the Fencer (level 15, -1/139 HPs)
             Began as a Minotaur Fighter on May 2, 2019.
             Was a High Priest of Wu Jian.
             Slain by a spectral eight-headed hydra (3 damage)
             ... called from beyond by a ghost crab
             ... on level 1 of the Swamp.
             The game lasted 01:53:40 (38558 turns).

MachJacob the Fencer (Minotaur Fighter)            Turns: 38558, Time: 01:53:41

Health: -1/139     AC: 13    Str: 24    XL:     15   Next: 17%
Magic:  14/14      EV: 11    Int:  8    God:    Wu Jian [*****.]
Gold:   2390       SH: 13    Dex: 13    Spells: 14/14 levels left

rFire    . . .     SeeInvis .   a - +2 falchion (holy)
rCold    + . .     Gourm    .   c - +0 shield
rNeg     . . .     Faith    .   h - +4 scale mail {rPois}
rPois    +         Spirit   .   N - +0 hat {Int+3}
rElec    .         Reflect  .   (no cloak)
rCorr    .         Harm     .   (no gloves)
MR       ++...                  (no boots)
Stlth    ..........             (no amulet)
HPRegen  0.33/turn              V - ring of protection from magic
MPRegen  0.14/turn              X - ring of protection from cold

@: heavily drained
A: retaliatory headbutt, horns 2
a: Wall Jump, Serpent's Lash, Heavenly Storm, Renounce Religion


You were on level 1 of the Swamp.
You worshipped Wu Jian.
Wu Jian was extremely pleased with you.
You were very hungry.

You visited 5 branches of the dungeon, and saw 25 of its levels.
You also visited: Sewer, Bailey and Gauntlet.

You collected 2390 gold pieces.

Inventory:

Hand Weapons
 a - a +2 falchion of holy wrath (weapon)
 b - a +2 scimitar of flaming
Missiles
 e - 23 sling bullets
 J - 17 tomahawks of returning (quivered)
 K - 8 throwing nets
 Q - 4 javelins of penetration
 S - 5 javelins of returning
Armour
 c - a +0 shield (worn)
 h - a +4 scale mail of poison resistance (worn)
 j - +0 swamp dragon scales
 t - a +0 ring mail of magic resistance
 N - a +0 hat of intelligence (worn)
 R - a +3 ring mail of cold resistance
Jewellery
 l - an uncursed ring of see invisible
 x - a +1 ring of evasion
 O - an uncursed ring of ice
 P - an uncursed ring of fire
 V - a ring of protection from magic (left hand)
 X - a ring of protection from cold (right hand)
Wands
 z - a wand of flame (40)
 B - a wand of digging (1)
 D - a wand of enslavement (11)
 H - a wand of disintegration (23)
 I - a wand of iceblast (11)
 T - a wand of polymorph (7)
Scrolls
 i - a scroll of fear
 k - 3 scrolls of teleportation
 o - a scroll of fog
 p - 3 scrolls of amnesia
 v - 4 scrolls of remove curse
 y - 2 scrolls of magic mapping
 A - 2 scrolls of vulnerability
 C - 3 scrolls of enchant armour
 F - 3 scrolls of immolation
 G - 6 scrolls of identify
 U - 3 scrolls of enchant weapon
 W - a scroll of blinking
Potions
 d - 3 potions of might
 g - 6 potions of brilliance
 m - 10 potions of curing
 n - a potion of ambrosia
 q - 5 potions of flight
 r - a potion of resistance
 u - a potion of berserk rage
 E - a potion of magic
 Y - 2 potions of haste
 Z - 2 potions of heal wounds
Miscellaneous
 M - 2 sacks of spiders
Comestibles
 f - 40 rations


   Skills:
 + Level 14.4(12.5) Fighting
 + Level 17.8(15.7) Long Blades
 * Level 9.7(8.0) Throwing
 + Level 13.2(11.4) Armour
 + Level 5.5(4.0) Dodging
 + Level 13.2(11.4) Shields


You had 14 spell levels left.
You didn't know any spells.
Your spell library contained the following spells:

 Spells                   Type           Power        Failure   Level  Hunger
 Beastly Appendage        Tmut           #.....       80%         1    ##.....
 Sting                    Conj/Pois      #...         80%         1    ##.....
 Summon Small Mammal      Summ           #...         80%         1    ##.....
 Blink                    Tloc           N/A          91%         2    ###....
 Call Imp                 Summ           #.......     91%         2    ###....
 Poisonous Vapours        Pois/Air       #.....       91%         2    ###....
 Shroud of Golubria       Chrm/Tloc      #.........   91%         2    ###....
 Sticks to Snakes         Tmut           #.......     91%         2    ###....
 Call Canine Familiar     Summ           #.......     99%         3    ####...
 Gell's Gravitas          Tloc           #.........   99%         3    ####...
 Lesser Beckoning         Tloc           #.........   99%         3    ####...
 Mephitic Cloud           Conj/Pois/Air  #.......     99%         3    ####...
 Spider Form              Tmut/Pois      #.........   99%         3    ####...
 Summon Guardian Golem    Hex/Summ       #.......     99%         3    ####...
 Teleport Other           Tloc           #.......     99%         3    ####...
 Ice Form                 Ice/Tmut       #.......     100%        4    #####..
 Olgreb's Toxic Radiance  Pois           #.......     100%        4    #####..
 Passage of Golubria      Tloc           N/A          100%        4    #####..
 Summon Ice Beast         Ice/Summ       #.......     100%        4    #####..
 Summon Lightning Spire   Summ/Air       #.......     100%        4    #####..
 Blade Hands              Tmut           #.........   100%        5    ######.
 Silence                  Hex/Air        #.........   100%        5    ######.
 Venom Bolt               Conj/Pois      #.........   100%        5    ######.
 Conjure Ball Lightning   Conj/Air       #.........   100%        6    #######
 Deflect Missiles         Chrm/Air       #.........   100%        6    #######
 Tornado                  Air            #.........   100%        9    #######


Dungeon Overview and Level Annotations

Branches:
Dungeon (15/15)            Temple (1/1) D:5            Lair (6/6) D:8
  Swamp (1/4) Lair:2        Snake (0/4) Lair:3        Slime (0/5) Lair:6
    Orc (2/2) D:10            Elf (0/3) Orc:2
 Vaults: D:13-14     Depths: D:15

Altars:
Ashenzari
Cheibriados
Dithmenos
Elyvilon
Fedhas
Gozag
Hepliaklqana
Kikubaaqudgha
Makhleb
Nemelex Xobeh
Okawaru
Qazlal
Ru
Sif Muna
Trog
Uskayaw
Vehumet
Wu Jian
Xom
Yredelemnul
Zin
The Shining One
Beogh

Shops:
D:8 *[   D:10 }   D:12 *   Orc:1 *   Orc:2 ??*[:}

Annotations:
D:2 1 runed translucent door, Crazy Yiuf
D:5 3 runed translucent doors, voshxz's ghost, novice MiBe
Lair:2 1 runed translucent door, Ziemm's ghost, journeyman NaEE
Lair:6 2 transporters, exclusion: oklob plant, Descartes's ghost, journeyman FoFi


Innate Abilities, Weirdness & Mutations

You reflexively headbutt those who attack you in melee.
You have a pair of horns on your head.


Message History

You hit the spectral five-headed hydra.
The spectral five-headed hydra convulses.
The spectral five-headed hydra is almost destroyed.
You are engulfed in spectral mist.
* * * LOW HITPOINT WARNING * * *
You block the spectral five-headed hydra's attack.
The spectral five-headed hydra bites you but does no damage.
The spectral five-headed hydra closely misses you.
The spectral five-headed hydra bites you.
* * * LOW HITPOINT WARNING * * *
You block the spectral five-headed hydra's attack.
The spectral eight-headed hydra bites you but does no damage.
The spectral eight-headed hydra bites you.
* * * LOW HITPOINT WARNING * * *
The spectral eight-headed hydra bites you!
* * * LOW HITPOINT WARNING * * *
The spectral eight-headed hydra barely misses you.
The spectral eight-headed hydra bites you but does no damage. x2
The spectral eight-headed hydra bites you.
You die...

≈≈.♣ .≈≈≈.t
♣≈≈.≈........
♣≈..≈.≈♣.♣≈≈.
♣....≈≈≈♣≈≈.
♣♣§≈..≈≈≈≈≈≈
♣♣♣♣.≈≈.♣♣..).≈
♣♣♣♣♣≈..≈......♣.♣♣
♣○@Zt≈≈≈≈♣.≈≈.≈≈.♣♣
♣♣○Z°°≈§≈.≈≈..≈≈≈..
♣♣≈Z≈≈≈§.≈≈≈...≈..
♣♣.°^....♣.≈≈..≈≈
♣.≈..≈≈...≈.≈t≈≈
♣.≈...≈≈≈...≈≈≈≈
♣♣..≈≈..♣♣.≈≈≈≈≈
♣♣.≈≈.♣♣♣.≈≈≈≈≈
♣♣.≈≈.♣ ♣.≈≈≈≈≈


You could see a ghost crab, a spectral eight-headed hydra, a spectral
five-headed hydra and a spectral spiny frog.

Vanquished Creatures
  Gastronok (D:8)
  A thorn hunter (Swamp:1)
  Fannar (Lair:1)
  Harold (D:11)
  11 hydras
  A ghost crab (Swamp:1)
  Erica (Lair:2)
  2 centaur warriors (D:13)
  An alligator (Swamp:1)
  5 two-headed ogres
  Nergalle (Orc:1)
  Urug (Lair:1)
  3 swamp dragons (Swamp:1)
  4 orc knights
  2 deep elf magi
  An ugly thing (D:10)
  3 orc sorcerers
  A manticore (Lair:5)
  3 black mambas
  7 elephants
  3 centaur skeletons
  A gargoyle (D:11)
  13 spiny frogs
  10 rime drakes
  A queen bee (D:11)
  8 komodo dragons
  10 polar bears
  2 tyrant leeches (Lair:2)
  2 raiju (Lair:6)
  19 blink frogs
  2 trolls (D:9)
  16 hippogriffs
  7 dream sheep
  A vampire (D:13)
  41 yaks
  8 wyverns
  2 humans (D:7)
  6 basilisks
  9 vampire mosquitoes
  5 swamp worms
  A hungry ghost (D:12)
  Edmund (D:5)
  6 wargs (Lair:6)
  8 water moccasins
  14 hell hounds
  4 ice beasts
  10 porcupines
  32 orc warriors
  16 black bears
  2 swamp drakes (Swamp:1)
  2 sky beasts
  An eye of draining (D:10)
  7 ogres
  4 phantoms
  2 boggarts (D:13)
  24 wolves
  8 crocodiles
  9 centaurs
  2 big kobolds
  15 bullfrogs
  2 gnoll sergeants
  A water moccasin zombie (D:7)
  A scorpion (D:8)
  A wyvern skeleton (D:7)
  27 killer bees
  5 electric eels
  4 bullfrog zombies
  2 centaur zombies
  3 crimson imps
  3 hounds
  5 jellies
  14 orc priests
  4 bullfrog skeletons
  6 iguanas
  7 worker ants
  Natasha (thrice) (D:4)
  17 orc wizards
  2 hound zombies
  2 hound skeletons
  2 worker ant zombies (D:10)
  Robin (D:2)
  8 gnolls
  A howler monkey skeleton (D:9)
  17 adders
  A river rat (D:3)
  3 shadow imps
  10 oozes
  2 adder skeletons
  8 worms
  2 dart slugs
  3 leopard geckos
  80 orcs
  8 bats
  8 giant cockroaches
  21 goblins
  9 hobgoblins
  11 jackals
  22 kobolds
  13 quokkas
  4 ball pythons
  2 frilled lizards
  A leopard gecko zombie (D:7)
  2 quokka zombies
  10 rats
  A spectral orc (D:8)
744 creatures vanquished.

Vanquished Creatures (others)
  A raiju (Lair:6)
  An orc wizard (D:10)
  13 demonic plants (Gauntlet)
  14 fungi
  16 plants
  10 withered plants (Gauntlet)
55 creatures vanquished.

Grand Total: 799 creatures vanquished

Notes
Turn   | Place    | Note
-------+----------+-------------------------------------------
     0 | D:1      | MachJacob the Minotaur Fighter began the quest for the Orb.
     0 | D:1      | Reached XP level 1. HP: 19/19 MP: 0/0
   320 | D:1      | Reached XP level 2. HP: 24/27 MP: 1/1
   817 | D:1      | Reached skill level 3 in Long Blades
  1180 | D:1      | Reached XP level 3. HP: 29/33 MP: 2/2
  1608 | D:2      | Noticed Robin
  1630 | D:2      | Reached skill level 4 in Long Blades
  1630 | D:2      | Reached XP level 4. HP: 33/41 MP: 3/3
  1685 | D:2      | Killed Robin
  2035 | D:2      | Found a runed translucent door.
  2036 | D:2      | Noticed Crazy Yiuf
  2615 | D:3      | Found a glowing drain.
  2623 | Sewer    | Entered a sewer
  2638 | Sewer    | Reached XP level 5. HP: 47/47 MP: 4/4
  2696 | Sewer    | Reached skill level 5 in Long Blades
  2704 | Sewer    | Reached skill level 5 in Fighting
  3156 | D:3      | Reached XP level 6. HP: 52/56 MP: 5/5
  3238 | D:3      | Reached skill level 6 in Long Blades
  3740 | D:4      | Found a shadowy altar of Dithmenos.
  3740 | D:4      | Found a sparkling altar of Nemelex Xobeh.
  3741 | D:4      | Found a shattered altar of Ashenzari.
  3964 | D:4      | Noticed Natasha
  3970 | D:4      | Killed Natasha
  4044 | D:4      | Noticed Natasha
  4056 | D:4      | Killed Natasha
  4208 | D:4      | Noticed Natasha
  4214 | D:4      | Killed Natasha
  4617 | D:5      | Entered Level 5 of the Dungeon
  4617 | D:5      | Found a staircase to the Ecumenical Temple.
  4624 | Temple   | Entered the Ecumenical Temple
  4761 | D:5      | Reached skill level 7 in Long Blades
  4788 | D:5      | Noticed Edmund
  4799 | D:5      | Killed Edmund
  4799 | D:5      | Reached XP level 7. HP: 64/64 MP: 6/6
  5034 | D:5      | Identified the +9 hand axe of Blood-Lust {chop, *Slow rPois
                  | Int-2 Dex+4}
  5036 | D:5      | Noticed voshxz's ghost (novice MiBe)
  5036 | D:5      | Found a runed translucent gate.
  5051 | D:5      | Found a runed translucent gate.
  5052 | D:5      | Found a runed translucent gate.
  5055 | D:5      | Found a roughly hewn altar of Beogh.
  5226 | D:5      | Reached skill level 8 in Long Blades
  5486 | D:6      | Found a sparkling altar of Nemelex Xobeh.
  5888 | D:5      | Reached skill level 9 in Long Blades
  5888 | D:5      | Reached XP level 8. HP: 38/73 MP: 7/7
  6963 | D:7      | Reached skill level 10 in Long Blades
  7439 | D:7      | Reached skill level 5 in Armour
  7439 | D:7      | Reached skill level 5 in Shields
  7540 | D:7      | Found a snail-covered altar of Cheibriados.
  7568 | D:7      | You fall through a shaft for 2 floors!
  7615 | D:9      | Reached XP level 9. HP: 78/82 MP: 8/8
  7661 | D:9      | Reached skill level 11 in Long Blades
  7665 | D:9      | Noticed a troll
  7701 | D:9      | Killed a troll
  8191 | D:9      | Noticed a deep elf mage
  8238 | D:9      | Noticed a troll
  8249 | D:9      | Killed a troll
  8542 | D:9      | Found a radiant altar of Vehumet.
  8600 | D:8      | Reached skill level 12 in Long Blades
  8747 | D:9      | HP: 3/84 [orc warrior/+0 dire flail (17)]
  9031 | D:9      | Reached XP level 10. HP: 77/91 MP: 9/9
  9122 | D:8      | Found Hoimomy's Assorted Antiques.
  9173 | D:8      | Noticed a two-headed ogre
  9241 | D:8      | Found a shimmering altar of Xom.
  9241 | D:8      | Found a glowing silver altar of Zin.
  9241 | D:8      | Noticed an angel
  9567 | D:8      | Found Iramitud's Armour Emporium.
  9621 | D:8      | Found a staircase to the Lair.
  9886 | D:7      | Found a hide-covered altar of Uskayaw.
 10070 | D:7      | Reached skill level 10 in Fighting
 10159 | D:7      | Found an ornate altar of the Wu Jian Council.
 10164 | D:7      | Became a worshipper of the Wu Jian Council
 10259 | D:7      | Found an iron altar of Okawaru.
 10670 | D:8      | Killed a two-headed ogre
 10670 | D:8      | Reached skill level 13 in Long Blades
 10702 | D:8      | Found a basalt altar of Yredelemnul.
 11215 | D:9      | Killed a deep elf mage
 11609 | D:10     | Entered Level 10 of the Dungeon
 11714 | D:10     | Reached * piety under Wu Jian
 11769 | D:10     | Reached XP level 11. HP: 59/101 MP: 10/10
 12596 | D:10     | Found Muunkoku's Gadget Emporium.
 12600 | D:10     | Noticed a two-headed ogre
 12715 | D:10     | Killed a two-headed ogre
 12715 | D:10     | Reached skill level 14 in Long Blades
 13220 | D:10     | Noticed a two-headed ogre
 13229 | D:10     | Killed a two-headed ogre
 13356 | D:10     | Reached ** piety under Wu Jian
 13750 | D:10     | Found a staircase to the Orcish Mines.
 13835 | D:11     | Noticed a purple ugly thing
 13843 | D:11     | Found a gate leading to a gauntlet.
 13875 | D:10     | Killed a purple ugly thing
 14095 | Gauntlet | Entered a Gauntlet
 14095 | Gauntlet | Found a transporter.
 14102 | Gauntlet | Noticed an oklob plant
 14106 | Gauntlet | Found a transporter.
 14121 | Gauntlet | Found a transporter.
 14126 | Gauntlet | Found a transporter.
 14140 | Gauntlet | Noticed a cacodemon
 14141 | Gauntlet | Found a transporter.
 14160 | Gauntlet | Found a transporter.
 14168 | Gauntlet | Noticed a ghost crab
 14169 | Gauntlet | Found a transporter.
 14182 | Gauntlet | Noticed a thrashing horror
 14184 | Gauntlet | Found a transporter.
 14184 | Gauntlet | Noticed a thrashing horror
 14190 | Gauntlet | Found a transporter.
 14192 | Gauntlet | Found a transporter.
 14211 | Gauntlet | Found the ring of Phasing {EV+8}
 14212 | Gauntlet | Found a transporter.
 14212 | Gauntlet | Noticed a catoblepas
 14224 | Gauntlet | Found a transporter.
 14241 | Gauntlet | Found a transporter.
 14259 | Gauntlet | Found a transporter.
 14261 | Gauntlet | Found a transporter.
 14263 | Gauntlet | Found a runed translucent gate.
 14263 | Gauntlet | Found a runed translucent gate.
 14263 | Gauntlet | Found a runed translucent gate.
 14264 | Gauntlet | Found a large runed translucent door.
 14264 | Gauntlet | Found a large runed translucent door.
 14264 | Gauntlet | Found a large runed translucent door.
 14264 | Gauntlet | Found a large runed translucent door.
 14269 | Gauntlet | Found a large runed translucent door.
 14269 | Gauntlet | Found a large runed translucent door.
 14270 | Gauntlet | Found a large runed translucent door.
 14270 | Gauntlet | Found a large runed translucent door.
 14273 | Gauntlet | Found a large runed translucent door.
 14273 | Gauntlet | Found a large runed translucent door.
 14273 | Gauntlet | Found a runed translucent door.
 14273 | Gauntlet | Found a runed translucent door.
 14274 | Gauntlet | Found a large runed translucent door.
 14275 | Gauntlet | Found a large runed translucent door.
 14285 | Gauntlet | Found a large runed translucent door.
 14285 | Gauntlet | Found a large runed translucent door.
 14286 | Gauntlet | Found a large runed translucent door.
 14287 | Gauntlet | Found a large runed translucent door.
 14287 | Gauntlet | Found a transporter.
 14289 | Gauntlet | Found a transporter.
 14390 | Gauntlet | Found a transporter.
 14738 | D:11     | Noticed a two-headed ogre
 14743 | D:11     | Killed a two-headed ogre
 14769 | D:11     | Noticed Harold
 14840 | D:11     | Killed Harold
 15079 | D:11     | Reached skill level 15 in Long Blades
 15135 | D:11     | Reached skill level 10 in Armour
 15378 | D:11     | You fall through a shaft for 3 floors!
 15378 | D:14     | Noticed a seven-headed hydra
 15399 | D:14     | Found a shattered altar of Ashenzari.
 15416 | D:13     | Noticed a deep elf mage
 15416 | D:13     | Noticed a skeletal warrior
 15416 | D:13     | Noticed a skeletal warrior
 15416 | D:13     | Noticed a skeletal warrior
 15416 | D:13     | Noticed a skeletal warrior
 15427 | D:13     | Noticed a catoblepas
 15442 | D:13     | Noticed a centaur warrior
 15465 | D:13     | Killed a centaur warrior
 15465 | D:13     | Reached skill level 10 in Shields
 15465 | D:13     | Reached XP level 12. HP: 94/112 MP: 11/11
 15468 | D:13     | Reached *** piety under Wu Jian
 15698 | D:13     | Noticed a centaur warrior
 15710 | D:13     | Killed a centaur warrior
 16095 | D:13     | You fall through a shaft for 2 floors!
 16095 | D:15     | Entered Level 15 of the Dungeon
 16301 | D:13     | Noticed an ogre mage
 16474 | D:12     | Found a flagged portal.
 16490 | D:12     | Noticed a two-headed ogre
 16504 | D:12     | Killed a two-headed ogre
 16590 | Bailey   | Entered a bailey
 16975 | Bailey   | Found a bloodstained altar of Trog.
 17222 | D:12     | Found Ebarch's General Store.
 17433 | D:11     | Reached skill level 16 in Long Blades
 17716 | Lair:1   | Entered Level 1 of the Lair of Beasts
 17716 | Lair:1   | Noticed Gastronok
 17788 | D:8      | Killed Gastronok
 17788 | D:8      | Reached skill level 1 in Throwing
 18493 | Lair:1   | Noticed Fannar
 18521 | Lair:1   | Killed Fannar
 18776 | Lair:1   | Noticed a seven-headed hydra
 19035 | Lair:1   | Noticed Urug
 19072 | Lair:1   | Killed Urug
 19717 | Lair:1   | Reached XP level 13. HP: 86/119 MP: 12/12
 20591 | Lair:2   | Noticed Erica
 20603 | Lair:2   | Killed Erica
 21330 | Lair:2   | Found a runed translucent door.
 21330 | Lair:2   | Found a shimmering altar of Xom.
 21330 | Lair:2   | Noticed Ziemm's ghost (journeyman NaEE)
 21454 | Lair:2   | Reached **** piety under Wu Jian
 21681 | Lair:2   | Found a staircase to the Swamp.
 21740 | Lair:2   | HP: 12/274 [swamp worm (3)]
 22229 | Lair:3   | Found a staircase to the Snake Pit.
 22650 | Lair:3   | Reached skill level 5 in Throwing
 22738 | Lair:3   | You fall through a shaft!
 23345 | Lair:4   | Reached skill level 17 in Long Blades
 23883 | Lair:4   | Reached skill level 1 in Dodging
 25719 | Lair:4   | Reached XP level 14. HP: 129/129 MP: 13/13
 26781 | Lair:5   | Reached ***** piety under Wu Jian
 27425 | Lair:6   | Entered Level 6 of the Lair of Beasts
 28668 | Lair:6   | Found a staircase to the Slime Pits.
 28928 | Lair:6   | Found a transporter.
 28933 | Lair:6   | Noticed Descartes's ghost (journeyman FoFi)
 31505 | Lair:6   | Found a transporter.
 31711 | Orc:1    | Entered Level 1 of the Orcish Mines
 32022 | Orc:1    | Noticed Nergalle
 32043 | Orc:1    | Killed Nergalle
 32171 | Orc:1    | Found Mouzahov's General Store.
 32581 | Orc:2    | Entered Level 2 of the Orcish Mines
 32581 | Orc:2    | Found a staircase to the Elven Halls.
 33402 | Orc:2    | Found Dedghun's Antique Armour Boutique.
 34320 | Orc:2    | Reached skill level 5 in Dodging
 34332 | Orc:2    | Found Aliyck's Magic Scroll Shoppe.
 34601 | Orc:2    | Found Gerer's General Store.
 34612 | Orc:2    | Found Lagonel's Book Boutique.
 34740 | Orc:2    | Found Feesec's Gadget Shoppe.
 34899 | Orc:2    | Found Juinloin's Magic Scroll Emporium.
 35950 | Orc:1    | HP: 4/132 [ettin/+0 dire flail (10)]
 36473 | Swamp:1  | Entered Level 1 of the Swamp
 36568 | Swamp:1  | Reached XP level 15. HP: 87/138 MP: 14/14
 36572 | Swamp:1  | Noticed a thorn hunter
 36783 | Swamp:1  | Killed a thorn hunter
 38558 | Swamp:1  | HP: 2/139 [spectral eight-headed hydra[a ghost crab] (9)]
 38558 | Swamp:1  | Slain by a spectral eight-headed hydra

Skill      XL: |  1  2  3  4  5  6  7  8  9 10 11 12 13 14 |
---------------+-------------------------------------------+-----
Armour         | 4 5 6 8 10 11 12 13 | 13.2
Fighting       | 4 5 6 7 8 9 10 11 12 13 14 | 14.4
Shields        | 4 5 6 8 10 11 12 13 | 13.2
Long Blades    | 3 4 5 7 9 10 12 13 15 16 17 | 17.8
Throwing       | 2 6 9 |  9.7
Dodging        | 2 5 |  5.5

Action                   |  1- 3 |  4- 6 |  7- 9 | 10-12 | 13-15 || total
-------------------------+-------+-------+-------+-------+-------++-------
Melee: Long sword        |    96 |   187 |   323 |   806 |       ||  1412
       Headbutt          |    11 |    23 |    75 |   239 |   505 ||   853
       Falchion          |       |       |       |   200 |  1754 ||  1954
       Scimitar          |       |       |       |       |    60 ||    60
 Fire: Hunting sling     |       |    50 |    46 |    32 |       ||   128
Throw: Stone             |     2 |    10 |     2 |   225 |       ||   239
       Tomahawk          |       |       |       |     8 |   133 ||   141
Invok: Lunge             |       |       |       |    54 |    88 ||   142
       Whirlwind         |       |       |       |    31 |    60 ||    91
       Serpent's Lash    |       |       |       |       |     1 ||     1
       Heavenly Storm    |       |       |       |       |     1 ||     1
Evoke: Wand              |       |       |       |     8 |     5 ||    13
  Use: Scroll            |       |    11 |     3 |    10 |    14 ||    38
       Potion            |       |     2 |     5 |     2 |    14 ||    23
  Eat: Chunk             |     2 |    11 |    13 |    25 |    32 ||    83
       Ration            |       |       |       |     4 |     8 ||    12
Armor: Scale mail        |    37 |    46 |   100 |   197 |   395 ||   775
       Skin              |       |       |    52 |       |    42 ||    94
       Ring mail         |       |       |       |    11 |       ||    11
Dodge: Dodged            |    37 |    48 |    83 |   211 |   467 ||   846
Block: Shield            |    41 |    77 |   177 |   410 |   897 ||  1602
       Rpst.: Long sword |     9 |     8 |    20 |    44 |       ||    81
       Falchion          |       |       |       |     4 |    82 ||    86
       Scimitar          |       |       |       |       |     5 ||     5
